| TOP OF THE 1ST |
|
Tacoma Rainiers batting - Pitching for Buffalo Bisons : RHP Troy Baker
|
|
Pitching: RHP Troy Baker
|
|
|
Batting: LHB Caleb Domino
|
0-0: Ball 1-0: Ball 2-0: Swinging Strike 2-1: Called Strike 2-2: Foul Ball, location: 2F 2-2: Ball 3-2: Base on Balls
|
|
Batting: RHB Brad Robidas
|
0-0: Swinging Strike 0-1: Ball 1-1: Ball 2-1: Called Strike 2-2: Strikes out swinging
|
|
Batting: RHB Harutomi Matsubara
|
0-0: Grounds into double play, 6-4-3 (Groundball, 56, EV 93.8 MPH)
|
| Top of the 1st over - 0 runs, 0 hits, 0 errors, 0 left on base; Tacoma 0 - Buffalo 0 |
| BOTTOM OF THE 1ST |
|
Buffalo Bisons batting - Pitching for Tacoma Rainiers : RHP Jake Underhill
|
|
Pitching: RHP Jake Underhill
|
|
|
Batting: RHB Finn Ross
|
0-0: Called Strike 0-1: Foul Ball, location: 2F 0-2: Ball 1-2: Reached on error, E5 (Groundball, 56, EV 80.0 MPH)
|
|
Batting: RHB Amari Benton
|
0-0: Ball Finn Ross is caught stealing 2nd base 2-4 1-0: Ball 2-0: Foul Ball, location: 2F 2-1: Ball 3-1: Base on Balls
|
|
Batting: RHB Francisco Hernandez
|
0-0: Called Strike 0-1: Ball 1-1: Ball 2-1: Foul Ball, location: 2F 2-2: Ball 3-2: Ground out 4-3 (Groundball, 4, EV 80.6 MPH) Amari Benton to second
|
|
Batting: RHB Itsuo Egami
|
0-0: Called Strike 0-1: Ball 1-1: Foul Ball, location: 2F 1-2: Ground out U3 (Groundball, 3L, EV 81.2 MPH)
|
| Bottom of the 1st over - 0 runs, 0 hits, 1 error, 1 left on base; Tacoma 0 - Buffalo 0 |
| TOP OF THE 2ND |
|
Tacoma Rainiers batting - Pitching for Buffalo Bisons : RHP Troy Baker
|
|
Batting: LHB Ryan Lowe
|
0-0: Swinging Strike 0-1: Foul Ball, location: 2F 0-2: Ground out 3-1 (Groundball, 34S, EV 88.8 MPH)
|
|
Batting: RHB Rick Ellis
|
0-0: Foul Ball, location: 2F 0-1: Ball 1-1: Ball 2-1: Foul Ball, location: 2F 2-2: Fly out, F8 (Flyball, 8RM, EV 96.2 MPH)
|
|
Batting: RHB Bill Vives
|
0-0: Swinging Strike 0-1: Foul Ball, location: 2F 0-2: Fly out, F5 (Popup, 56, EV 70.0 MPH)
|
| Top of the 2nd over - 0 runs, 0 hits, 0 errors, 0 left on base; Tacoma 0 - Buffalo 0 |
| BOTTOM OF THE 2ND |
|
Buffalo Bisons batting - Pitching for Tacoma Rainiers : RHP Jake Underhill
|
|
Batting: RHB Danny Heyer
|
0-0: Called Strike 0-1: Called Strike 0-2: Ball 1-2: Strikes out looking
|
|
Batting: RHB Jorge Baret
|
0-0: Swinging Strike 0-1: Ground out 6-3 (Groundball, 6S, EV 86.9 MPH)
|
|
Batting: RHB Cyril Husson
|
0-0: Called Strike 0-1: Foul Ball, location: 2F 0-2: Foul Ball, location: 2F 0-2: Foul Ball, location: 2F 0-2: Ball 1-2: Strikes out swinging
|
| Bottom of the 2nd over - 0 runs, 0 hits, 0 errors, 0 left on base; Tacoma 0 - Buffalo 0 |
| TOP OF THE 3RD |
|
Tacoma Rainiers batting - Pitching for Buffalo Bisons : RHP Troy Baker
|
|
Batting: RHB Kevin Chafe
|
0-0: Ball 1-0: Called Strike 1-1: Ball 2-1: Foul Ball, location: 2F 2-2: Fly out, F6 (Line Drive, 6, EV 65.6 MPH)
|
|
Batting: RHB Kikuo Sato
|
0-0: Ball 1-0: Ground out U3 (Groundball, 34, EV 88.8 MPH)
|
|
Batting: LHB Ignacio Bernal
|
0-0: Foul Ball, location: 2F 0-1: Ball 1-1: Ball 2-1: Ground out 5-3 (Groundball, 56, EV 83.8 MPH)
|
| Top of the 3rd over - 0 runs, 0 hits, 0 errors, 0 left on base; Tacoma 0 - Buffalo 0 |
| BOTTOM OF THE 3RD |
|
Buffalo Bisons batting - Pitching for Tacoma Rainiers : RHP Jake Underhill
|
|
Batting: RHB Justin Ganey
|
0-0: Ball 1-0: Ball 2-0: Foul Ball, location: 2F 2-1: DOUBLE (Groundball, 5L, EV 106.9 MPH)
|
|
Batting: RHB Darren McCarty Jr.
|
0-0: Ball 1-0: Called Strike 1-1: Foul Ball, location: 2F 1-2: Strikes out swinging
|
|
Batting: RHB Finn Ross
|
0-0: Foul Ball, location: 2F 0-1: Ground out 4-3 (Groundball, 4M, EV 101.2 MPH) Justin Ganey to third
|
|
Batting: RHB Amari Benton
|
0-0: 2-RUN HOME RUN (Flyball, 8LXD, EV 106.9 MPH), Distance : 431 ft
|
|
Batting: RHB Francisco Hernandez
|
0-0: Ball 1-0: Ball 2-0: SINGLE (Flyball, 8RS, EV 86.9 MPH)
|
|
Batting: RHB Itsuo Egami
|
0-0: Called Strike 0-1: Called Strike 0-2: Fly out, F7 (Line Drive, 7, EV 98.8 MPH)
|
| Bottom of the 3rd over - 2 runs, 3 hits, 0 errors, 1 left on base; Tacoma 0 - Buffalo 2 |
| TOP OF THE 4TH |
|
Tacoma Rainiers batting - Pitching for Buffalo Bisons : RHP Troy Baker
|
|
Batting: LHB Caleb Domino
|
0-0: Called Strike 0-1: Called Strike 0-2: Strikes out swinging
|
|
Batting: RHB Brad Robidas
|
0-0: Foul Ball, location: 2F 0-1: Called Strike 0-2: Ball 1-2: Strikes out looking
|
|
Batting: RHB Harutomi Matsubara
|
0-0: Ball 1-0: Called Strike 1-1: Ball 2-1: Ball 3-1: Foul Ball, location: 2F 3-2: Strikes out looking
|
| Top of the 4th over - 0 runs, 0 hits, 0 errors, 0 left on base; Tacoma 0 - Buffalo 2 |
| BOTTOM OF THE 4TH |
|
Buffalo Bisons batting - Pitching for Tacoma Rainiers : RHP Jake Underhill
|
|
Batting: RHB Danny Heyer
|
0-0: Called Strike 0-1: Foul Ball, location: 2F 0-2: Foul Ball, location: 2F 0-2: Foul Ball, location: 2F 0-2: Ball 1-2: Fly out, F8 (Flyball, 8RM, EV 84.4 MPH)
|
|
Batting: RHB Jorge Baret
|
0-0: Ground out 6-3 (Groundball, 6, EV 93.8 MPH)
|
|
Batting: RHB Cyril Husson
|
0-0: Foul Ball, location: 2F 0-1: Ball 1-1: Ball 2-1: Ground out U3 (Groundball, 3S, EV 60.6 MPH)
|
| Bottom of the 4th over - 0 runs, 0 hits, 0 errors, 0 left on base; Tacoma 0 - Buffalo 2 |
| TOP OF THE 5TH |
|
Tacoma Rainiers batting - Pitching for Buffalo Bisons : RHP Troy Baker
|
|
Batting: LHB Ryan Lowe
|
0-0: SOLO HOME RUN (Flyball, 9LD, EV 91.9 MPH), Distance : 333 ft
|
|
Batting: RHB Rick Ellis
|
0-0: Ball 1-0: Ball 2-0: SINGLE (Groundball, 6MD, EV 106.2 MPH)
|
|
Batting: RHB Bill Vives
|
0-0: Ball 1-0: Ball 2-0: Called Strike 2-1: Ball 3-1: Base on Balls Rick Ellis to second
|
|
Batting: RHB Kevin Chafe
|
0-0: Fly out, F8 (Flyball, 78D, EV 91.9 MPH) Runner from 2nd tags up, SAFE at 3rd with throw by CF
|
|
Batting: RHB Kikuo Sato
|
0-0: Foul Ball, location: 2F 0-1: Swinging Strike 0-2: Foul Ball, location: 2F 0-2: Strikes out swinging
|
|
Batting: LHB Ignacio Bernal
|
0-0: Foul Ball, location: 2F 0-1: Fly out, F8 (Flyball, 89S, EV 85.0 MPH)
|
| Top of the 5th over - 1 run, 2 hits, 0 errors, 2 left on base; Tacoma 1 - Buffalo 2 |
| BOTTOM OF THE 5TH |
|
Buffalo Bisons batting - Pitching for Tacoma Rainiers : RHP Jake Underhill
|
|
Batting: RHB Justin Ganey
|
0-0: Ground out 6-3 (Groundball, 6, EV 85.6 MPH)
|
|
Batting: RHB Darren McCarty Jr.
|
0-0: Called Strike 0-1: Foul Ball, location: 2F 0-2: Ball 1-2: Strikes out swinging
|
|
Batting: RHB Finn Ross
|
0-0: Foul Ball, location: 2F 0-1: Ball 1-1: Ball 2-1: Fly out, F8 (Line Drive, 89M, EV 95.0 MPH)
|
| Bottom of the 5th over - 0 runs, 0 hits, 0 errors, 0 left on base; Tacoma 1 - Buffalo 2 |
| TOP OF THE 6TH |
|
Tacoma Rainiers batting - Pitching for Buffalo Bisons : RHP Troy Baker
|
|
Batting: LHB Caleb Domino
|
0-0: Called Strike 0-1: Ball 1-1: Swinging Strike 1-2: Strikes out swinging
|
|
Batting: RHB Brad Robidas
|
0-0: Fly out, F8 (Flyball, 8RXD, EV 95.6 MPH)
|
|
Batting: RHB Harutomi Matsubara
|
0-0: Fly out, F9 (Flyball, 9LSF, EV 78.8 MPH)
|
| Top of the 6th over - 0 runs, 0 hits, 0 errors, 0 left on base; Tacoma 1 - Buffalo 2 |
| BOTTOM OF THE 6TH |
|
Buffalo Bisons batting - Pitching for Tacoma Rainiers : RHP Jake Underhill
|
|
Batting: RHB Amari Benton
|
0-0: Ball 1-0: Called Strike 1-1: Ball 2-1: Swinging Strike 2-2: Ground out 4-3 (Groundball, 4, EV 100.6 MPH)
|
|
Batting: RHB Francisco Hernandez
|
0-0: Swinging Strike 0-1: Ball 1-1: Ball 2-1: Swinging Strike 2-2: Ball 3-2: Base on Balls
|
|
Batting: RHB Itsuo Egami
|
0-0: Ball Francisco Hernandez steals 2nd base 1-0: Swinging Strike 1-1: TRIPLE (Line Drive, 9LD, EV 109.4 MPH) Francisco Hernandez scores
|
|
Batting: RHB Danny Heyer
|
0-0: Called Strike 0-1: Ground out 6-3 (Groundball, 6, EV 81.9 MPH) Itsuo Egami scores
|
|
Batting: RHB Jorge Baret
|
0-0: Ball 1-0: Foul Ball, location: 2F 1-1: Foul Ball, location: 2F 1-2: Ground out U3 (Groundball, 3S, EV 70.0 MPH)
|
| Bottom of the 6th over - 2 runs, 1 hit, 0 errors, 0 left on base; Tacoma 1 - Buffalo 4 |
| TOP OF THE 7TH |
|
Tacoma Rainiers batting - Pitching for Buffalo Bisons : RHP Troy Baker
|
|
Batting: LHB Ryan Lowe
|
0-0: Called Strike 0-1: Ground out 4-3 (Groundball, 4, EV 102.5 MPH)
|
|
Batting: RHB Rick Ellis
|
0-0: Fly out, F8 (Line Drive, 8LS, EV 94.4 MPH)
|
|
Batting: RHB Bill Vives
|
0-0: Called Strike 0-1: Ball 1-1: Foul Ball, location: 2F 1-2: Foul Ball, location: 2F 1-2: Ball 2-2: Ground out 6-3 (Groundball, 6MS, EV 63.8 MPH)
|
| Top of the 7th over - 0 runs, 0 hits, 0 errors, 0 left on base; Tacoma 1 - Buffalo 4 |
| BOTTOM OF THE 7TH |
|
Buffalo Bisons batting - Pitching for Tacoma Rainiers : RHP Jake Underhill
|
|
Batting: RHB Cyril Husson
|
0-0: Called Strike 0-1: Called Strike 0-2: Strikes out swinging
|
|
Pitching: RHP Aidan Martin
|
|
|
Batting: RHB Justin Ganey
|
0-0: Ball 1-0: Ball 2-0: Ball 3-0: Called Strike 3-1: Called Strike 3-2: Foul Ball, location: 2F 3-2: Foul Ball, location: 2F 3-2: Base on Balls
|
|
Batting: RHB Darren McCarty Jr.
|
0-0: Ball 1-0: Ball 2-0: Ball 3-0: Called Strike 3-1: Fly out, F9 (Line Drive, 9S, EV 113.1 MPH)
|
|
Batting: RHB Finn Ross
|
0-0: Called Strike 0-1: Swinging Strike 0-2: SINGLE (Line Drive, 9S, EV 91.9 MPH) Justin Ganey to second Justin Ganey to third
|
|
Batting: RHB Amari Benton
|
0-0: Called Strike 0-1: Called Strike 0-2: Foul Ball, location: 2F 0-2: Ball 1-2: Foul Ball, location: 2F 1-2: DOUBLE (Groundball, 3D, EV 110.6 MPH) Justin Ganey scores Finn Ross to third Runner from 3rd tries for Home, SAFE, throw by RF to trailing runner, SAFE at third!
|
|
Pitching: RHP Kenzaburo Yoneyama
|
|
|
Batting: RHB Francisco Hernandez
|
0-0: Ball 1-0: Foul Ball, location: 2F 1-1: Ground out U3 (Groundball, 3, EV 97.5 MPH)
|
| Bottom of the 7th over - 2 runs, 2 hits, 0 errors, 1 left on base; Tacoma 1 - Buffalo 6 |
| TOP OF THE 8TH |
|
Tacoma Rainiers batting - Pitching for Buffalo Bisons : RHP Troy Baker
|
|
Batting: RHB Kevin Chafe
|
0-0: Fly out, F8 (Flyball, 8LXD, EV 105.0 MPH)
|
|
Batting: RHB Kikuo Sato
|
0-0: Ground out U3 (Groundball, 34S, EV 93.8 MPH)
|
|
Batting: LHB Ignacio Bernal
|
0-0: Ball 1-0: Called Strike 1-1: Foul Ball, location: 2F 1-2: Foul Ball, location: 2F 1-2: SINGLE (Line Drive, 7LS, EV 105.0 MPH)
|
|
Batting: LHB Caleb Domino
|
0-0: Called Strike 0-1: Swinging Strike 0-2: Strikes out swinging
|
| Top of the 8th over - 0 runs, 1 hit, 0 errors, 1 left on base; Tacoma 1 - Buffalo 6 |
| BOTTOM OF THE 8TH |
|
Buffalo Bisons batting - Pitching for Tacoma Rainiers : RHP Kenzaburo Yoneyama
|
|
Batting: RHB Itsuo Egami
|
0-0: Called Strike 0-1: SINGLE (Groundball, 56D, EV 98.1 MPH)
|
|
Batting: RHB Danny Heyer
|
0-0: Ball Itsuo Egami steals 2nd base 1-0: Ball 2-0: Ball 3-0: Called Strike 3-1: Foul Ball, location: 2F 3-2: Ground out 6-3 (Groundball, 6D, EV 104.4 MPH)
|
|
Batting: RHB Jorge Baret
|
0-0: Ball 1-0: Called Strike 1-1: 2-RUN HOME RUN (Flyball, 7D, EV 98.1 MPH), Distance : 368 ft
|
|
Batting: RHB Cyril Husson
|
0-0: Called Strike 0-1: Called Strike 0-2: Fly out, F8 (Flyball, 8RS, EV 90.6 MPH)
|
|
Batting: RHB Justin Ganey
|
0-0: Called Strike 0-1: Ball 1-1: Ball 2-1: Fly out, F8 (Flyball, 8LXD, EV 101.2 MPH)
|
| Bottom of the 8th over - 2 runs, 2 hits, 0 errors, 0 left on base; Tacoma 1 - Buffalo 8 |
| TOP OF THE 9TH |
|
Tacoma Rainiers batting - Pitching for Buffalo Bisons : RHP Troy Baker
|
|
Batting: RHB Brad Robidas
|
0-0: Ball 1-0: Called Strike 1-1: Foul Ball, location: 2F 1-2: Ground out 6-3 (Groundball, 6, EV 78.1 MPH)
|
|
Batting: RHB Harutomi Matsubara
|
0-0: Ball 1-0: Ball 2-0: Ball 3-0: Base on Balls
|
|
Pinch Hitting: RHB Kumar Madugula
|
0-0: Called Strike 0-1: SINGLE (Groundball, 6D, EV 109.4 MPH) Harutomi Matsubara to second
|
|
Batting: RHB Rick Ellis
|
0-0: Called Strike 0-1: Ball 1-1: Ball 2-1: Ball 3-1: Grounds into double play, 5-4-3 (Groundball, 56, EV 90.0 MPH)
|
| Top of the 9th over - 0 runs, 1 hit, 0 errors, 1 left on base; Tacoma 1 - Buffalo 8 |
|